AoeStats
← xXMotherHunter96Xx

Arabia

508950051Analyzed
2v2 RM · 7d ago on Sep 24, 2026· 33m 3s· 4 players
Game mode
Random Map
Map size
Medium (4 player)
Population
200
Speed
Normal
Resources
Standard
Victory
Conquest
Starting age
Dark Age
Ending age
Imperial Age
RankedLock teamsTeams togetherTeam positionsShared explorationLock speedFull tech treeHidden civsTurbo modeCheats
Victory
Defeat
🇨🇭 Berbers · Switzerland
1235
+12
🇨🇭 Britons · Switzerland
1151
+16
🇨🇴 Mongols · Colombia
1153
-14
🇨🇭 Ethiopians · Switzerland
1144
-14
ptr0000
7:14 Loom
9:41 Feudal Age
11:58 Double-Bit Axe
13:21 Wheelbarrow
13:50 Fletching
15:26 Padded Archer Armor
23:32 Castle Age
23:47 Crossbowman
24:35 Thumb Ring
25:42 Bodkin Arrow
Caosp(A)nk
4:51 Loom
9:30 Feudal Age
14:42 Wheelbarrow
16:03 Forging
20:43 Stone Mining
20:42 Double-Bit Axe
20:51 Fletching
21:06 Scale Barding Armor
24:29 Castle Age
22:59 Horse Collar
23:11 Gold Mining
23:40 Padded Archer Armor
26:29 Gold Shaft Mining
26:06 Bow Saw
28:40 Bodkin Arrow
29:06 Husbandry
30:38 Chain Barding Armor
SpeedyMCLörres
6:08 Loom
9:15 Feudal Age
10:45 Double-Bit Axe
10:45 Horse Collar
15:05 Scale Barding Armor
17:40 Forging
19:12 Wheelbarrow
24:34 Castle Age
23:45 Gold Mining
24:10 Bloodlines
24:34 Light Cavalry
25:40 Chain Barding Armor
25:32 Husbandry
xXMotherHunter96Xx
8:00 Loom
10:11 Feudal Age
13:04 Double-Bit Axe
13:31 Horse Collar
19:00 Wheelbarrow
22:40 Castle Age
21:11 Fletching
21:21 Padded Archer Armor
22:42 Crossbowman
23:46 Gold Mining
24:08 Bow Saw
25:19 Bodkin Arrow
25:26 Heavy Plow
32:30 Leather Archer Armor
Connection lost

Rejoining the realm…

Still unreachable

The connection could not be restored.

Session expired

The server has moved on; the page needs a fresh start.